 Dungeon Crawl Stone Soup version 0.29.1-1-gd02db6906a (webtiles) character file.

Game seed: 640295355691552650

9249 Earthwalker the Carver (level 11, -1/99 HPs)
             Began as a Minotaur Fighter on Oct 6, 2022.
             Was a Priest of Elyvilon.
             Slain by an 11-headed hydra (7 damage)
             ... on level 1 of the Lair of Beasts.
             The game lasted 00:56:47 (12600 turns).

Earthwalker the Carver (Minotaur Fighter)          Turns: 12600, Time: 00:56:47

Health: -1/99      AC: 14    Str: 26    XL:     11   Next: 20%
Magic:  19/19      EV: 16    Int:  5    God:    Elyvilon [***...]
Gold:   741        SH:  6    Dex: 16    Spells: 10/10 levels left

rFire   . . .      SeeInvis .   a - +2 long sword
rCold   . . .      Faith    .   c - +0 buckler
rNeg    + . .      Spirit   .   j - +3 leather armour of Resilience {rN+ Str+4 Dex+3}
rPois   +          Reflect  .   L - +1 hat
rElec   .          Harm     .   p - +2 cloak
rCorr   .          Rampage  .   o - +0 pair of gloves
Will    .....                   J - +1 pair of boots
Stlth   ++........              g - amulet of the acrobat
HPRegen 0.26/turn               e - ring of magical power
MPRegen 0.16/turn               u - ring of poison resistance

@: about to teleport
A: horns 2, retaliatory headbutt
a: Renounce Religion, Purification, Heal Other, Heal Self


You were on level 1 of the Lair of Beasts.
You worshipped Elyvilon.
Elyvilon was most pleased with you.
You visited 3 branches of the dungeon, and saw 13 of its levels.
You visited the Abyss 1 time.

You collected 741 gold pieces.

Inventory:

Hand Weapons
 a - a +2 long sword (weapon)
 v - a +2 spectral quarterstaff
 N - a +6 great sword of flaming
Missiles
 h - a throwing net (quivered)
Armour
 c - a +0 buckler (worn)
 j - the +3 leather armour of Resilience (worn) {rN+ Str+4 Dex+3}
   (You found it on level 3 of the Dungeon)

   Str:       It affects your strength (+4).
   Dex:       It affects your dexterity (+3).
   rN:        It protects you from negative energy.
 o - a +0 pair of gloves (worn)
 p - a +2 cloak (worn)
 J - a +1 pair of boots (worn)
 L - a +1 hat (worn)
Jewellery
 e - a ring of magical power (left hand)
 g - an amulet of the acrobat (around neck)
 n - an amulet of magic regeneration
 t - a +6 ring of dexterity
 u - a ring of poison resistance (right hand)
 w - a ring of protection from fire
 E - a ring of wizardry
 H - a ring of willpower
 K - a ring of resist corrosion
Wands
 y - a wand of acid (12)
 D - a wand of charming (11)
Scrolls
 b - a scroll of identify
 k - 2 scrolls of noise
 r - 2 scrolls of teleportation
 x - 2 scrolls of immolation
 A - a scroll of magic mapping
 M - a scroll of vulnerability
Potions
 d - a potion of might
 f - 8 potions of curing
 i - 3 potions of haste
 l - a potion of berserk rage
 m - 5 potions of flight
 q - a potion of mutation
 s - 3 potions of attraction
 z - 2 potions of brilliance
 B - 3 potions of heal wounds {unknown}
 C - 2 potions of degeneration {unknown}
 F - 2 potions of magic
 G - a potion of lignification {unknown}
 I - a potion of invisibility {unknown}
 P - a potion of cancellation {unknown}


   Skills:
 + Level 9.6 Fighting
 + Level 13.8 Long Blades
 + Level 6.9 Armour
 + Level 8.4 Dodging
 - Level 1.0 Stealth
 + Level 8.1 Shields


You had 10 spell levels left.
You didn't know any spells.
Your spell library contained the following spells:

 Spells                   Type           Power      Damage    Failure   Level
 Magic Dart               Conj           0%         1d3       58%         1
 Ensorcelled Hibernation  Hex/Ice        0%         N/A       75%         2
 Passwall                 Tmut/Erth      0%         N/A       75%         2
 Poisonous Vapours        Pois/Air       0%         N/A       75%         2
 Searing Ray              Conj           0%         2d4       75%         2
 Dazzling Flash           Conj/Hex       0%         N/A       92%         3
 Gell's Gravitas          Tloc           0%         N/A       92%         3
 Lesser Beckoning         Tloc           0%         N/A       92%         3
 Swiftness                Air            0%         N/A       92%         3
 Teleport Other           Tloc           0%         N/A       92%         3
 Airstrike                Air            0%         2d(0-16)  100%        4
 Corpse Rot               Necr/Pois/Air  0%         N/A       100%        4
 Fulminant Prism          Conj/Hex       0%         3d6       100%        4
 Summon Lightning Spire   Summ/Air       0%         N/A       100%        4
 Agony                    Necr           0%         N/A       100%        5
 Alistair's Intoxication  Tmut/Pois      0%         N/A       100%        5
 Borgnjor's Vile Clutch   Necr/Erth      0%         N/A       100%        5
 Lightning Bolt           Conj/Air       0%         1d11      100%        5
 Silence                  Hex/Air        0%         N/A       100%        5
 Eringya's Noxious Bog    Tmut/Pois      0%         N/A       100%        6


Dungeon Overview and Level Annotations

Branches:
Dungeon (11/15)            Temple (1/1) D:7            Lair (1/5) D:8
    Orc: D:9-12

Altars:
Ashenzari
Cheibriados
Dithmenos
Elyvilon
Fedhas
Gozag
Hepliaklqana
Kikubaaqudgha
Makhleb
Nemelex Xobeh
Okawaru
Qazlal
Ru
Sif Muna
Trog
Uskayaw
Vehumet
Wu Jian
Xom
Yredelemnul
Zin
The Shining One
Jiyva

Shops:
D:6 =([(:   D:11 :

Annotations:
D:8 3 runed translucent doors, 101zpm's ghost, novice DjFE


Innate Abilities, Weirdness & Mutations

You have a pair of horns on your head.
You reflexively headbutt those who attack you in melee.


Message History

The ten-headed hydra misses you.
The ten-headed hydra bites you but does no damage. x2
The ten-headed hydra bites you.
* * * LOW HITPOINT WARNING * * *
The ten-headed hydra completely misses you.
Unknown command.
The ten-headed hydra attacks as you move away!
The ten-headed hydra closely misses you.
The ten-headed hydra misses you.
The ten-headed hydra bites you but does no damage.
You block the ten-headed hydra's attack.
The ten-headed hydra bites you but does no damage.
You block the ten-headed hydra's attack.
The ten-headed hydra bites you but does no damage.
The ten-headed hydra closely misses you.
You block the ten-headed hydra's attack.
The ten-headed hydra bites you but does no damage.
Unknown command.
The ten-headed hydra attacks as you move away!
The ten-headed hydra completely misses you.
You furiously retaliate!
You headbutt the ten-headed hydra!
The ten-headed hydra completely misses you.
You block the ten-headed hydra's attack.
The ten-headed hydra bites you.
* * * LOW HITPOINT WARNING * * *
The ten-headed hydra completely misses you.
The ten-headed hydra closely misses you.
The ten-headed hydra completely misses you.
The ten-headed hydra barely misses you. The ten-headed hydra bites you.
* * * LOW HITPOINT WARNING * * *
The ten-headed hydra completely misses you.
You slice one of the ten-headed hydra's heads off!
The nine-headed hydra grows two more!
You hit the 11-headed hydra. You headbutt the 11-headed hydra!
The 11-headed hydra is heavily wounded.
The 11-headed hydra bites you!
* * * LOW HITPOINT WARNING * * *
The 11-headed hydra misses you. You block the 11-headed hydra's attack.
The 11-headed hydra barely misses you. The 11-headed hydra bites you!
You die...

.........#...##
.>..##.....).#
... ##......## ..
#....#..## $
#.#......#
#...##.....# #...
#.....###
#...###......#
#........@..####
#........D.......
.........####..##
.....##.## ..#
..P.. ... ## ....
...## ### ##...
#.#. #. .


You could see a 11-headed hydra.

Vanquished Creatures
  A two-headed ogre (D:6)
  Maurice (D:10)
  A cane toad (D:8)
  Psyche (D:10)
  A komodo dragon (D:8)
  A freezing wraith (Abyss:2)
  A troll (D:11)
  A flying skull (D:10)
  A spriggan (D:9)
  A wyvern (D:7)
  2 shadows
  13 yaks
  A water moccasin (D:7)
  2 acid dragons (D:10)
  Duvessa (D:6)
  An ice beast (D:7)
  5 black bears
  4 orc warriors
  An ogre (D:6)
  4 wolves
  4 centaurs
  4 kobold brigands
  6 bullfrogs
  3 necrophages
  2 scorpions
  Dowan (D:6)
  A small abomination (Abyss:2)
  10 killer bees
  2 orc priests
  3 hounds
  2 jellies
  10 orc wizards
  4 iguanas
  5 adders
  10 gnolls
  A shadow imp (D:6)
  2 white imps
  An ufetubus (D:5)
  6 dart slugs
  31 orcs
  5 ball pythons
  10 endoplasms
  2 giant cockroaches
  7 goblins
  10 hobgoblins
  16 jackals
  25 kobolds
  4 quokkas
  3 bats
  A frilled lizard (D:3)
  A goblin skeleton (D:4)
  A jackal skeleton (D:4)
  8 rats
245 creatures vanquished.

Vanquished Creatures (others)
  A hobgoblin (D:3)
  8 fungi
  13 plants
22 creatures vanquished.

Grand Total: 267 creatures vanquished

Notes
Turn   | Place    | Note
-------+----------+-------------------------------------------
     0 | D:1      | Earthwalker the Minotaur Fighter began the quest for the
                  | Orb.
     0 | D:1      | Reached XP level 1. HP: 19/19 MP: 0/0
    32 | D:1      | Reached XP level 2. HP: 8/27 MP: 1/1
   823 | D:1      | Reached skill level 3 in Long Blades
   823 | D:1      | Reached XP level 3. HP: 33/34 MP: 2/2
  1336 | D:2      | Found a faded altar of an unknown god.
  1569 | D:2      | Reached skill level 1 in Dodging
  1767 | D:2      | Found a bloodstained altar of Trog.
  1777 | D:2      | Reached XP level 4. HP: 36/41 MP: 3/3
  1970 | D:3      | Identified the +3 leather armour of Resilience {rN+ Str+4
                  | Dex+3}
  2376 | D:3      | Found a shimmering blue altar of Sif Muna.
  2398 | D:3      | Reached skill level 4 in Long Blades
  2625 | D:3      | Noticed a kobold brigand
  2750 | D:3      | Killed a kobold brigand
  2751 | D:3      | Reached XP level 5. HP: 29/47 MP: 4/4
  2953 | D:3      | Reached XP level 6. HP: 53/53 MP: 5/5
  3084 | D:3      | Found a burning altar of Makhleb.
  3453 | D:4      | Reached skill level 5 in Long Blades
  3511 | D:4      | Reached skill level 1 in Stealth
  3516 | D:4      | Found a runed translucent door.
  3516 | D:4      | Noticed a human
  3518 | D:4      | Found a basalt altar of Yredelemnul.
  3666 | D:4      | Reached skill level 5 in Fighting
  4109 | D:5      | Entered Level 5 of the Dungeon
  4125 | D:5      | Reached skill level 6 in Long Blades
  4125 | D:5      | Reached XP level 7. HP: 61/61 MP: 6/6
  4813 | D:6      | Found Paesayb's Armour Boutique.
  4842 | D:6      | Found Keblergh's Antique Weapon Emporium.
  4855 | D:6      | Reached skill level 7 in Long Blades
  4865 | D:6      | Found Isyteupt's Jewellery Shop.
  5035 | D:6      | Found Xojemm's Weapon Emporium.
  5124 | D:6      | Noticed Duvessa
  5124 | D:6      | Noticed Dowan
  5163 | D:6      | Killed Duvessa
  5164 | D:6      | Reached skill level 5 in Shields
  5164 | D:6      | Reached XP level 8. HP: 59/70 MP: 7/7
  5167 | D:6      | Killed Dowan
  5168 | D:6      | Reached skill level 8 in Long Blades
  5448 | D:6      | Found Innilu's Book Boutique.
  5460 | D:6      | Reached skill level 5 in Armour
  6083 | D:7      | Reached skill level 9 in Long Blades
  6164 | D:7      | Found a bloodstained altar of Trog.
  6214 | D:7      | Reached skill level 5 in Dodging
  6269 | D:7      | Found a large runed translucent door.
  6270 | D:7      | Found a large runed translucent door.
  6299 | D:7      | Reached XP level 9. HP: 79/79 MP: 8/8
  6470 | D:7      | Noticed a two-headed ogre
  6485 | D:6      | Killed a two-headed ogre
  6486 | D:6      | Reached skill level 10 in Long Blades
  6738 | D:7      | Reached skill level 11 in Long Blades
  6849 | D:7      | Found a staircase to the Ecumenical Temple.
  6856 | Temple   | Entered the Ecumenical Temple
  7040 | Temple   | Became a worshipper of Elyvilon the Healer
  7130 | D:7      | Found an opulent altar of Gozag.
  7145 | D:7      | Found a blossoming altar of Fedhas.
  7311 | D:8      | Noticed a komodo dragon
  7413 | D:9      | Reached XP level 10. HP: 26/88 MP: 9/9
  7927 | D:9      | Found a radiant altar of Vehumet.
  7965 | D:9      | Reached * piety under Elyvilon
  7974 | D:9      | Reached skill level 12 in Long Blades
  8201 | D:8      | Found a staircase to the Lair.
  8949 | D:8      | Found a runed translucent gate.
  9038 | D:8      | Reached ** piety under Elyvilon
  9059 | D:8      | Found a runed translucent gate.
  9059 | D:8      | Noticed 101zpm's ghost (novice DjFE)
  9060 | D:8      | Found a runed translucent gate.
  9063 | D:8      | Found a viscous altar of Jiyva.
 10072 | D:9      | Found a shimmering altar of Xom.
 10476 | D:10     | Entered Level 10 of the Dungeon
 10591 | D:9      | Reached skill level 13 in Long Blades
 10626 | Lair:1   | Entered Level 1 of the Lair of Beasts
 10692 | Lair:1   | Noticed a cane toad
 11143 | D:10     | Noticed Maurice
 11175 | D:10     | Killed Maurice
 11322 | D:10     | Reached *** piety under Elyvilon
 11339 | D:10     | Reached XP level 11. HP: 48/97 MP: 10/10
 11550 | D:10     | Identified the +1 quarterstaff "Luokeuqi" {vorpal, Dex+5}
 11552 | D:10     | Noticed Psyche
 11559 | Abyss:2  | Cast into level 2 of the Abyss (Psyche)
 11750 | Abyss:2  | Identified a scroll of acquirement
 11750 | Abyss:2  | Acquired a +6 great sword of flaming
 11776 | Abyss:2  | Noticed a green death
 11784 | D:10     | Escaped the Abyss
 11801 | D:10     | Killed Psyche
 12199 | D:11     | Noticed a green ugly thing
 12334 | D:11     | Found Hacrudi's Book Shop.
 12349 | D:11     | Noticed a four-headed hydra
 12590 | Lair:1   | Noticed a five-headed hydra
 12600 | Lair:1   | Slain by an 11-headed hydra

Illustrated notes

Levels and vault maps discovered:
D:1:      evilmike_arrival_crescent, layout_basic
D:2:      layout_basic, basic_altar, hellmonk_ecumenical_altar_lost_god
D:3:      cheibrodos_thug_alley, layout_loops_ring, kennysheep_orc_sif_temple,
          lightli_temple_of_fire, minmay_distorted
D:4:      layout_cave_pools, dk_yredelemnul_ordeal
D:5:      layout_basic, minmay_misc_feat_doors, bh_walls_and_bars
D:6:      layout_basic, serial_shops, shop, shop, kennysheep_mini_moat,
          nicolae_shop_temple_entry_statues_fountains,
          nicolae_shop_behind_doors, uniq_duvessa
D:7:      layout_rooms, trog_ov_bears_minmay, jmf_multi_god_temple2,
          minmay_temple_entry_statues_pillars, minmay_misc_feat_chi, eino_jars
D:8:      layout_loops_corners, grunt_lair_entry_orc_guard_hut,
          gammafunk_ghost_ooze, enter_bailey_4
D:9:      layout_basic, marbit_many_paths, vehumet_crystals,
          grunt_decor_one_mirror, the_hattery
D:10:     layout_loops_ring, uniq_maurice, uniq_psyche
D:11:     layout_stronghold, hellmonk_ghost_happy_afterlife, serial_shops,
          kennysheep_mini
Temple:   nicolae_temple_great_sept
Lair:1:   layout_misc_corridors

Skill      XL: |  1  2  3  4  5  6  7  8  9 10 11 |
---------------+----------------------------------+-----
Fighting       | 4 5 6 7 8 9 |  9.6
Shields        | 4 5 6 7 8 |  8.1
Long Blades    | 3 4 6 7 9 11 13 | 13.8
Armour         | 4 5 6 |  6.9
Dodging        | 1 2 3 5 6 8 |  8.4
Stealth        | 1 |  1.0

Action                   |  1- 3 |  4- 6 |  7- 9 | 10-12 || total
-------------------------+-------+-------+-------+-------++-------
Melee: Long sword        |    80 |   158 |   215 |   357 ||   810
       Headbutt          |    13 |    34 |    49 |    78 ||   174
  Use: Scroll            |     1 |     5 |     7 |     7 ||    20
 Stab: Sleeping          |       |     1 |     2 |     2 ||     5
       Distracted        |       |     1 |       |       ||     1
Armor: Scale mail        |    44 |       |       |       ||    44
       Leather armour    |       |    52 |    76 |    93 ||   221
Dodge: Dodged            |    44 |    93 |   137 |   215 ||   489
Block: Buckler           |    25 |    35 |    53 |    97 ||   210
